AoeStats
← trashmiscellaneous

Arena

506148812Analyzed
1v1 RM · 18d ago on Sep 12, 2026· 34m 12s· 2 players
Game mode
Random Map
Map size
Tiny (2 player)
Population
200
Speed
Normal
Resources
Standard
Victory
Conquest
Starting age
Dark Age
Ending age
Imperial Age
RankedLock teamsTeams togetherTeam positionsShared explorationLock speedFull tech treeHidden civsTurbo modeCheats
Victory
Defeat
🇹🇼 Teutons · Taiwan
616
+15
🇦🇺 Ethiopians · Australia
596
-27
trashmiscellaneous
10:34 Feudal Age
12:04 Wheelbarrow
11:12 Horse Collar
11:36 Double-Bit Axe
16:02 Loom
21:57 Castle Age
20:47 Stone Mining
21:10 Gold Mining
21:13 Town Watch
23:03 Bow Saw
23:14 Hand Cart
23:06 Heavy Plow
27:01 Squires
28:09 Town Patrol
30:17 Murder Holes
airpan26
12:32 Feudal Age
14:23 Horse Collar
18:05 Castle Age
18:12 Wheelbarrow
19:14 Forging
19:05 Scale Mail Armor
19:22 Double-Bit Axe
19:48 Gold Mining
21:00 Bow Saw
22:33 Heavy Plow
22:52 Hand Cart
22:23 Loom
35:53 Imperial Age
Connection lost

Rejoining the realm…

Still unreachable

The connection could not be restored.

Session expired

The server has moved on; the page needs a fresh start.